 Dungeon Crawl Stone Soup version 0.27-a0-46-g34d46f0a3f (webtiles) character file.

Game seed: 3209218003095916872

2079684 gameguard the Slayer (level 27, 247/247 HPs)
             Began as a Demonspawn Artificer on Jan 6, 2021.
             Was an Initiate of Gozag.
             Escaped with the Orb
             ... and 4 runes on Jan 7, 2021!
             The game lasted 03:51:25 (91323 turns).

gameguard the Slayer (Demonspawn Artificer)        Turns: 91323, Time: 03:51:26

Health: 247/247    AC: 37    Str: 22    XL:     27
Magic:  18/18      EV: 40    Int: 14    God:    Gozag
Gold:   4645       SH: 18    Dex: 29    Spells: 25/26 levels left

rFire    + + .     SeeInvis .   a - +9 demon blade (freeze)
rCold    . . .     Faith    .   R - +3 warlock's mirror {reflect}
rNeg     + + .     Spirit   .   T - +10 pearl dragon scales of Cubiatai {rN+ Dex+4}
rPois    .         Reflect  +   (no helmet)
rElec    +         Harm     .   n - +2 cloak {Will+}
rCorr    .         Rampage  .   Z - +2 pair of gloves {Str+3}
Will     +++..                  (boots unavailable)
Stlth    +++.......             t - amulet of reflection
HPRegen  0.51/turn              e - ring of the Hare {EV+8}
MPRegen  0.16/turn              P - ring "Lawoz" {rElec rN+ Stlth+}

@: bribing [the Dungeon, the Realm of Zot]
A: talons 3, thin skeletal structure 3, camouflage 1, fire resistance 2, ignite
blood, low mp 2, spiny 3, augmentation 3, no potion heal 1, flame cloud immunity
0: Orb of Zot
}: 4/15 runes: decaying, serpentine, slimy, silver
a: Renounce Religion, Potion Petition, Call Merchant, Bribe Branch


You escaped.
You worshipped Gozag.
Gozag was most pleased with you.
You visited 11 branches of the dungeon, and saw 55 of its levels.
You visited the Abyss 1 time.
You also visited: Sewer and Volcano.

You collected 38224 gold pieces.
You spent 12264 gold pieces at shops.
You paid 21315 gold pieces to Gozag.

Inventory:

Hand Weapons
 a - a +9 demon blade of freezing (weapon)
 b - a +9 vorpal demon blade
Missiles
 S - 13 curare-tipped darts (quivered)
Armour
 n - a +2 cloak of willpower (worn)
 q - the +0 helmet "Tudwyaha" {+Fly rC+ rN+}
   (You found it on level 5 of the Vaults)

   It protects you from cold.
   It protects you from negative energy.
   It lets you fly.
 R - the +3 warlock's mirror (worn) {reflect}
   (You took it off a deep elf elementalist on level 5 of the Vaults)
 T - the +10 pearl dragon scales of Cubiatai (worn) {rN+ Dex+4}
   (You bought it in a shop on level 9 of the Dungeon)

   It affects your dexterity (+4).
   It protects you from negative energy.
 Z - a +2 pair of gloves of strength (worn)
Jewellery
 e - the ring of the Hare (left hand) {EV+8}
   (You found it on level 4 of the Realm of Zot)

   [ring of evasion]

   It affects your evasion (+8).
 l - an uncursed amulet of regeneration
 t - an amulet of reflection (around neck)
 C - an uncursed ring of protection from fire
 I - an uncursed ring of poison resistance
 O - an uncursed ring of willpower
 P - the ring "Lawoz" (right hand) {rElec rN+ Stlth+}
   (You found it on level 3 of the Crypt)

   [ring of positive energy]

   It insulates you from electricity.
   It protects you from negative energy.
   It makes you more stealthy.
 Q - an uncursed ring of resist corrosion
 W - an uncursed ring of see invisible
Wands
 d - a wand of paralysis (17)
 p - a wand of iceblast (32)
 z - a wand of acid (5)
 G - a wand of digging (8)
 V - a wand of enslavement (35)
 X - a wand of polymorph (25)
Scrolls
 g - 37 scrolls of teleportation
 i - 7 scrolls of fog
 m - 16 scrolls of identify
 o - 7 scrolls of fear
 s - 15 scrolls of immolation
 w - 3 scrolls of silence
 y - 20 scrolls of magic mapping
 J - 6 scrolls of vulnerability
 K - 3 scrolls of summoning
 Y - 6 scrolls of blinking
Potions
 f - 11 potions of flight
 h - 6 potions of heal wounds
 r - 20 potions of curing
 u - 11 potions of haste
 v - 8 potions of might
 A - 11 potions of invisibility
 D - 8 potions of lignification
 E - 11 potions of cancellation
 F - 5 potions of berserk rage
 H - 4 potions of magic
 N - 12 potions of attraction
 U - 3 potions of resistance
Miscellaneous
 j - a condenser vane (inert)
 k - a phial of floods
 x - a lightning rod (4/4)
 B - a tin of tremorstones (1/2)
 L - a box of beasts
 M - a phantom mirror


   Skills:
 + Level 26.6 Fighting
 - Level 8.0(13.8) Short Blades
 - Level 17.4(18.0) Long Blades
 + Level 21.8 Armour
 + Level 21.8 Dodging
 - Level 8.0 Stealth
 - Level 15.0 Shields
 - Level 16.0 Evocations


You had 25 spell levels left.
You knew the following spells:

 Your Spells              Type           Power        Failure   Level
q - Apportation           Tloc           0%           47%         1

Your spell library contained the following spells:

 Spells                   Type           Power        Failure   Level
 Animate Skeleton         Necr           0%           47%         1
 Beastly Appendage        Tmut           0%           47%         1
 Corona                   Hex            0%           47%         1
 Foxfire                  Conj/Fire      0%           47%         1
 Magic Dart               Conj           0%           47%         1
 Sandblast                Erth           0%           47%         1
 Shock                    Conj/Air       0%           47%         1
 Sting                    Tmut/Pois      0%           47%         1
 Summon Small Mammal      Summ           0%           47%         1
 Blink                    Tloc           N/A          63%         2
 Call Imp                 Summ           0%           63%         2
 Corpse Rot               Necr/Air       N/A          63%         2
 Ensorcelled Hibernation  Hex/Ice        0%           63%         2
 Passwall                 Tmut/Erth      0%           63%         2
 Poisonous Vapours        Pois/Air       0%           63%         2
 Searing Ray              Conj           0%           63%         2
 Slow                     Hex            0%           63%         2
 Sublimation of Blood     Necr           0%           63%         2
 Swiftness                Air            0%           63%         2
 Wereblood                Tmut           0%           63%         2
 Call Canine Familiar     Summ           0%           85%         3
 Confusing Touch          Hex            0%           85%         3
 Conjure Flame            Conj/Fire      0%           85%         3
 Dazzling Flash           Conj/Hex       0%           85%         3
 Gell's Gravitas          Tloc           0%           85%         3
 Ignite Poison            Fire/Tmut/Pois 0%           85%         3
 Inner Flame              Hex/Fire       0%           85%         3
 Lesser Beckoning         Tloc           0%           85%         3
 Mephitic Cloud           Conj/Pois/Air  0%           85%         3
 Ozocubu's Armour         Ice            0%           85%         3
 Portal Projectile        Hex/Tloc       0%           85%         3
 Spider Form              Tmut/Pois      0%           85%         3
 Static Discharge         Conj/Air       0%           85%         3
 Stone Arrow              Conj/Erth      0%           85%         3
 Summon Guardian Golem    Hex/Summ       0%           85%         3
 Teleport Other           Tloc           0%           85%         3
 Tukima's Dance           Hex            0%           85%         3
 Airstrike                Air            0%           99%         4
 Cause Fear               Hex            0%           99%         4
 Dispel Undead            Necr           0%           99%         4
 Fulminant Prism          Conj/Hex       0%           99%         4
 Hailstorm                Conj/Ice       0%           99%         4
 Ice Form                 Ice/Tmut       0%           99%         4
 Iskenderun's Mystic Bla  Conj/Tloc      0%           99%         4
 Olgreb's Toxic Radiance  Pois           0%           99%         4
 Passage of Golubria      Tloc           N/A          99%         4
 Petrify                  Tmut/Erth      0%           99%         4
 Sticky Flame             Conj/Fire      0%           99%         4
 Summon Ice Beast         Ice/Summ       0%           99%         4
 Summon Lightning Spire   Summ/Air       0%           99%         4
 Agony                    Necr           0%           100%        5
 Blade Hands              Tmut           0%           100%        5
 Bolt of Magma            Conj/Fire/Erth 0%           100%        5
 Excruciating Wounds      Necr           0%           100%        5
 Fireball                 Conj/Fire      0%           100%        5
 Irradiate                Conj/Tmut      0%           100%        5
 Iskenderun's Battlesphe  Conj           0%           100%        5
 Lee's Rapid Deconstruct  Erth           0%           100%        5
 Lightning Bolt           Conj/Air       0%           100%        5
 Metabolic Englaciation   Hex/Ice        0%           100%        5
 Silence                  Hex/Air        0%           100%        5
 Summon Demon             Summ           0%           100%        5
 Summon Forest            Summ/Tloc      0%           100%        5
 Summon Mana Viper        Hex/Summ       0%           100%        5
 Yara's Violent Unravell  Hex/Tmut       0%           100%        5
 Dispersal                Tloc           0%           100%        6
 Eringya's Noxious Bog    Tmut/Pois      0%           100%        6
 Freezing Cloud           Conj/Ice/Air   0%           100%        6
 Hydra Form               Tmut           0%           100%        6
 Invisibility             Hex            0%           100%        6
 Iron Shot                Conj/Erth      0%           100%        6
 Shadow Creatures         Summ           N/A          100%        6
 Statue Form              Tmut/Erth      0%           100%        6
 Dragon Form              Tmut           0%           100%        7
 Orb of Destruction       Conj           0%           100%        7
 Spellforged Servitor     Conj/Summ      0%           100%        7
 Summon Hydra             Summ           0%           100%        7
 Discord                  Hex            0%           100%        8
 Disjunction              Tloc           0%           100%        8


Dungeon Overview and Level Annotations

Branches:
Dungeon (15/15)            Temple (1/1) D:5            Lair (6/6) D:10
  Swamp (4/4) Lair:4        Snake (4/4) Lair:2        Slime (5/5) Lair:6
    Orc (2/2) D:11            Elf (0/3) Orc:2        Vaults (5/5) D:14
  Crypt (3/3) Vaults:3       Tomb (0/3) Crypt:3      Depths (5/5) D:15
    Zot (5/5) Depths:5      Sewer (visited)         Volcano (visited)

Altars:
Ashenzari
Cheibriados
Dithmenos
Fedhas
Gozag
Hepliaklqana
Kikubaaqudgha
Makhleb
Nemelex Xobeh
Qazlal
Sif Muna
Trog
Uskayaw
Vehumet
Wu Jian
Yredelemnul
Zin
The Shining One
Beogh
Jiyva

Shops:
D:9 [   D:10 (   D:15 *(?((   Orc:2 :([**   Snake:1 (   Snake:3 *(([
Vaults:1 !   Vaults:2 !   Vaults:3 !   Vaults:4 =   Depths:1 ((:   Depths:2 (
Depths:4 =   Depths:5 [=[

Portals:
Hell: Depths:1 Depths:2 Depths:3 Depths:4 Depths:5
Abyss: Depths:4
Pandemonium: Depths:3
Ziggurat: Depths:2
Trove: D:15 (give +3 storm dragon scales)

Annotations:
D:12 exclusion: door
D:15 3 runed translucent doors, Xohuykh's ghost, journeyman GrEE
Snake:1 1 runed translucent door, sleeves's ghost, adept BaSu
Depths:5 5 runed translucent doors


Innate Abilities, Weirdness & Mutations

You have claws for feet.
You have an unnaturally thin skeletal structure. (Dex +6, Stealth++)
Your flesh is very heat resistant. (rF++)
Your demonic aura causes spilled blood to erupt in flames.
You are completely covered in sharp spines.
Your magical and physical power is greatly enhanced at high health.
You are immune to clouds of flame.
Your skin changes colour to match your surroundings (Stealth+).
Your magical capacity is very low. (-20% MP)
Potions are less effective at restoring your health.


Message History

Things that are here:
a +0 ring mail; a +0 short sword A worker ant is nearby!
There is a stone staircase leading up here.
The blizzard demon stares, then turns away, jangling a coin purse.
You climb upwards.
There is a stone staircase leading down here.
(D) Dungeon (T) Temple (L) Lair (S) Swamp (P) Snake Pit (M) Slime Pits (O) Orcish Mines (E) Elven Halls (V) Vaults (C) Crypt (W) Tomb (U) Depths (H) Hell (Z) Zot
Where to? (Enter - D:1 @ (x,y), ? - help)
There is a stone staircase leading up here.
You climb upwards.
There is a stone staircase leading down here.
You see here a +0 club.
There is an open door here.
There is a staircase leading out of the dungeon here.
Unknown command.
You have escaped!

.......#
#....#
########
######
######
#....######
#.........#
#.........'
#####
#.........#
##.@.#
#.........#
##..X###
#########.#
#3..##># #.#
##...#.≈#
#.#
#...##.≈#
####..
##...#.≈≈#
#####.....
###...##≈≈≈#
#...'.....
#.'...'≈≈≈≈#
#.###.....
#.#...##≈≈≈#
#.# #.....


You could see a smoke demon and a friendly Orb Guardian.

Vanquished Creatures
  the Royal Jelly (Slime:5)
  3 ancient liches
  4 orbs of fire
  Mara (Snake:4)
  3 juggernauts (Depths:3)
  A royal mummy (Crypt:3)
  Boris (Crypt:3)
  4 Killer Klowns
  Bai Suzhen (Crypt:1)
  Vashnia (Snake:4)
  3 curse toes (Zot:4)
  A caustic shrike (Depths:4)
  10 golden dragons
  Nikola (Snake:1)
  A profane servitor (Crypt:3)
  The ghost of Usuebad the Warrior, an adept DgCj (Depths:3)
  4 bone dragons
  3 electric golems
  6 liches
  Jorgrun (D:12)
  20 tentacled monstrosities
  A shard shrike skeleton (Crypt:3)
  15 Orb Guardians
  9 quicksilver dragons
  5 titans (Vaults:5)
  20 acid blobs
  11 death cobs
  10 ancient champions
  7 sphinxes
  2 tentacled starspawn (Abyss:3)
  17 storm dragons
  7 draconian monks
  13 azure jellies
  12 shadow dragons
  Roxanne (Snake:1)
  5 tengu reavers
  A fenstrider witch (Swamp:4)
  3 revenants
  12 fire giants
  7 nagarajas
  2 deep elf sorcerers
  2 iron dragons (Depths:4)
  11 draconian scorchers
  15 frost giants
  7 draconian knights
  Aizul (Snake:1)
  2 ghost moths (Zot:5)
  A ghost moth (shapeshifter) (Vaults:5)
  20 vault wardens
  10 draconian shifters
  An orc warlord (Vaults:3)
  2 curse skulls
  15 ironheart preservers
  A reaper (Abyss:4)
  3 deep elf elementalists
  2 ghouls (Crypt:3)
  5 spriggan defenders
  10 draconian annihilators
  An angel (D:12)
  35 very ugly things
  6 draconian stormcallers
  2 war gargoyles (Vaults:5)
  7 green draconians
  27 stone giants
  2 deep elf demonologists
  13 vampire knights
  14 red draconians
  3 deep elf annihilators
  14 black draconians
  11 yellow draconians
  4 spark wasps
  A bunyip (shapeshifter) (Vaults:5)
  5 dire elephants (Lair:6)
  7 white draconians
  2 entropy weavers
  13 purple draconians
  5 bunyips
  A merfolk impaler (Depths:4)
  4 eidola
  2 mummy priests (Crypt:3)
  12 jiangshi
  4 eleionomae
  4 deep elf death magi
  11 fire dragons
  7 death oozes
  A green death (Zot:5)
  A merfolk javelineer (Depths:4)
  21 ettins
  3 deep elf high priests
  10 yaktaur captains
  The ghost of garrulousMonolith the Cleaver, a journeyman HOMo of Beogh (D:11)
  20 ogre magi
  21 great orbs of eyes
  33 vault guards
  A hell beast (Zot:4)
  10 rakshasas
  15 naga warriors
  19 hydras
  7 spriggan air magi
  Erica (Orc:1)
  4 death knights
  19 ice dragons
  5 boulder beetles
  3 anacondas
  41 two-headed ogres
  2 ghost crabs (Swamp:1)
  14 centaur warriors
  12 alligators
  23 deep troll earth magi
  7 vampire magi
  10 tengu warriors
  18 deep troll shamans
  An orc high priest (Orc:2)
  3 death yaks
  A titan zombie (Crypt:1)
  12 naga sharpshooters (Snake:4)
  A shock serpent (shapeshifter) (Vaults:3)
  10 hell knights
  4 spriggan berserkers
  5 soul eaters
  2 storm dragon zombies
  A deep elf knight (Vaults:4)
  25 black mambas
  4 shock serpents
  7 shadow wraiths
  A wretched star (Abyss:3)
  7 sea snakes (Snake:3)
  4 salamander mystics
  9 iron trolls
  A large abomination (Abyss:4)
  4 goliath frogs
  A spatial maelstrom (Abyss:3)
  A golden dragon zombie (Zot:4)
  4 unseen horrors
  20 skeletal warriors
  A spriggan druid (Swamp:3)
  47 deep trolls
  8 wizards
  3 glowing orange brains
  A storm dragon skeleton (Crypt:3)
  9 flayed ghosts
  4 swamp dragons
  8 naga ritualists
  An anaconda zombie (Crypt:3)
  A shadow demon (Zot:5)
  6 bog bodies
  5 deep elf archers
  23 ironbrand convokers
  2 lindwurms (Lair:6)
  A shadow dragon zombie (Crypt:2)
  An obsidian statue (Vaults:4)
  An anaconda skeleton (Crypt:3)
  A harpy (shapeshifter) (Depths:4)
  12 orc knights
  A goliath frog zombie (Crypt:1)
  17 phantasmal warriors
  12 deep elf magi
  12 mana vipers
  9 necromancers
  A fire giant zombie (Crypt:1)
  5 wolf spiders
  12 harpies
  5 shining eyes
  3 orc sorcerers
  6 cyclopes
  15 salamanders
  A frost giant zombie (Vaults:2)
  58 ugly things
  A stone giant zombie (Depths:1)
  A sphinx skeleton (Depths:1)
  7 will-o-the-wisps
  18 moths of wrath
  3 manticores
  26 naga magi
  24 elephants
  A storm dragon simulacrum (Crypt:3)
  A guardian serpent (Snake:1)
  A rust devil (Abyss:3)
  2 shock serpent zombies
  2 human skeletons (Vaults:2)
  A fire giant skeleton (Vaults:3)
  23 vault sentinels
  An eye of devastation (shapeshifter) (Depths:3)
  3 eyes of devastation
  2 smoke demons
  9 cane toads
  A dire elephant skeleton (Crypt:3)
  2 gargoyles
  A molten gargoyle (Depths:3)
  3 kobold demonologists (D:15)
  70 yaktaurs
  An efreet (D:13)
  A demonic crawler (Abyss:4)
  19 freezing wraiths
  8 komodo dragons
  A rime drake (Lair:2)
  2 ancient zymes (Abyss:3)
  A black draconian skeleton (Crypt:1)
  A tormentor (D:14)
  A redback zombie (D:15)
  5 guardian mummies
  2 queen bees (shapeshifter)
  7 trolls
  A hydra zombie (Crypt:2)
  2 queen bees
  3 meliai (D:15)
  7 tyrant leeches
  3 polar bears (Lair:1)
  8 tengu conjurers
  A wind drake (shapeshifter) (Vaults:1)
  A meliai (shapeshifter) (Vaults:1)
  20 hornets
  A boulder beetle zombie (Crypt:3)
  A hornet (shapeshifter) (Vaults:5)
  Prince Ribbit (D:7)
  67 slime creatures
  A fire dragon zombie (Crypt:2)
  8 blink frogs
  A dream sheep (shapeshifter) (Depths:5)
  2 human simulacra
  5 small abominations
  8 flying skulls (Crypt:1)
  A shadow (D:14)
  10 spriggans
  An ushabti (Crypt:3)
  An ice dragon skeleton (Crypt:2)
  A tarantella (Vaults:1)
  7 wraiths
  A shock serpent simulacrum (Crypt:3)
  3 redbacks (Vaults:1)
  2 wyverns
  15 water elementals
  An alligator skeleton (Crypt:1)
  A black mamba skeleton (Crypt:3)
  A fire elemental (Depths:3)
  A hog (shapeshifter) (D:14)
  A vampire (D:13)
  A fire bat (shapeshifter) (Vaults:5)
  A basilisk (shapeshifter) (Vaults:3)
  34 yaks
  A steam dragon (D:14)
  6 humans (D:14)
  3 golden eyes (Slime:1)
  4 basilisks
  A yaktaur simulacrum (Vaults:1)
  A human (shapeshifter) (Depths:1)
  5 swamp worm simulacra (Swamp:4)
  A neqoxec (Abyss:3)
  2 wargs (shapeshifter)
  7 vampire mosquitoes
  A chaos spawn (Abyss:3)
  16 swamp worms
  3 wargs
  51 nagas
  A soldier ant (D:13)
  A spatial vortex (Abyss:3)
  19 water moccasins
  A cane toad zombie (Crypt:3)
  14 hydra simulacra (Swamp:4)
  A floating eye (shapeshifter) (Vaults:5)
  3 hell hounds (Zot:5)
  2 acid dragons
  2 floating eyes
  Duvessa (D:7)
  5 sky beasts
  2 sky beasts (shapeshifter)
  A swamp drake (Swamp:3)
  5 ice beasts
  40 orc warriors
  A cane toad skeleton (Crypt:1)
  8 phantoms
  An orc zombie (Vaults:2)
  8 black bears
  14 wolves
  2 ettin simulacra
  A boggart (shapeshifter) (Vaults:5)
  13 boggarts
  2 tengu (shapeshifter)
  6 eyes of draining
  29 ogres
  17 centaurs
  A fire dragon simulacrum (Depths:1)
  4 necrophages
  A blink frog zombie (Crypt:3)
  A swamp dragon skeleton (Crypt:2)
  A snapping turtle skeleton (Crypt:1)
  An elf skeleton (Vaults:3)
  A lindwurm skeleton (Crypt:3)
  Blork the orc (D:4)
  6 big kobolds
  A rime drake skeleton (Crypt:1)
  21 bullfrogs
  A human zombie (Vaults:2)
  A komodo dragon skeleton (Crypt:1)
  2 yaktaur zombies (Crypt:2)
  A gnoll sergeant (Orc:1)
  2 octopode zombies (Crypt:1)
  A draconian skeleton (Crypt:3)
  A glowing shapeshifter simulacrum (Vaults:3)
  A wyvern zombie (D:13)
  2 wyvern skeletons
  Dowan (D:7)
  7 scorpions
  48 killer bees
  A killer bee (shapeshifter) (Depths:3)
  A manticore simulacrum (Crypt:3)
  9 wights
  5 electric eels (Snake:3)
  3 howler monkeys
  A crimson imp (Abyss:2)
  2 bullfrog zombies
  3 centaur zombies
  2 quasits
  2 hounds
  A jelly (D:13)
  26 orc wizards
  25 orc priests
  7 centaur skeletons
  3 bullfrog skeletons
  7 iguanas
  17 worker ants
  4 hell rats (Lair:1)
  A killer bee zombie (D:8)
  2 acid dragon zombies
  A naga zombie (Crypt:1)
  A naga skeleton (Crypt:1)
  A hound skeleton (D:7)
  A howler monkey zombie (D:5)
  A worker ant zombie (D:11)
  A howler monkey skeleton (D:7)
  23 adders
  2 gnolls (D:7)
  3 river rats
  A scorpion zombie (Crypt:2)
  A swamp drake zombie (Crypt:3)
  5 shadow imps
  4 white imps
  2 ufetubi
  An ooze (D:5)
  3 swamp drake simulacra (Swamp:4)
  An adder skeleton (D:8)
  4 worms
  2 dart slugs (D:1)
  6 leopard geckos
  110 orcs
  7 giant cockroaches
  8 goblins
  7 hobgoblins
  24 jackals
  19 kobolds
  5 quokkas
  A ball python (D:3)
  4 bats
  6 frilled lizards
  A frilled lizard skeleton (Crypt:3)
  A jackal skeleton (D:7)
  2 leopard gecko skeletons
  A quokka skeleton (D:7)
  14 rats
  A river rat skeleton (Crypt:2)
2580 creatures vanquished.

Vanquished Creatures (collateral kills)
  A Killer Klown (Zot:5)
  Saint Roka (Orc:2)
  The ghost of Usuebad the Warrior, an adept DgCj (Depths:3)
  A tentacled monstrosity (Zot:3)
  6 Orb Guardians (Zot:5)
  A dire elephant (Lair:6)
  A fire dragon (Depths:3)
  A hydra (Lair:3)
  A naga warrior (Snake:4)
  3 death yaks (D:10)
  A deep troll shaman (Depths:3)
  3 naga sharpshooters (Snake:4)
  A goliath frog (Swamp:3)
  An iron troll (Depths:3)
  A salamander mystic (Depths:3)
  A deep troll (Depths:3)
  3 salamanders (Depths:3)
  An orange demon (Zot:5)
  A naga mage (Snake:4)
  A troll (D:10)
  A naga (Snake:4)
  A hydra simulacrum (Swamp:4)
  An ogre (D:7)
  2 wights (D:4)
  A gnoll shaman (D:7)
  A centaur skeleton (D:7)
  2 hell rats (D:10)
  A gnoll (D:7)
  2 orcs (D:10)
43 creatures vanquished.

Vanquished Creatures (others)
  3 orbs of fire (Zot:5)
  3 Killer Klowns (Zot:5)
  5 Orb Guardians (Zot:5)
  2 quicksilver dragons (Zot:5)
  3 death cobs
  A storm dragon (Zot:5)
  An azure jelly (Swamp:4)
  A draconian monk (Zot:5)
  A draconian knight (Zot:5)
  A frost giant (Depths:3)
  A draconian stormcaller (Zot:4)
  A draconian shifter (Zot:5)
  A draconian annihilator (Zot:5)
  A vampire knight (Depths:4)
  A black draconian (Zot:4)
  2 green draconians (Zot:5)
  A purple draconian (Zot:5)
  An ettin (Depths:4)
  A yaktaur captain (Depths:3)
  A naga warrior (Snake:4)
  A vault guard (D:14)
  4 dancing weapons
  A moth of wrath (Zot:5)
  A bloated husk (Swamp:4)
  A tyrant leech (Swamp:4)
  A blink frog (Lair:6)
  A human (D:13)
  A swamp drake (Swamp:4)
  A boggart (Depths:4)
  A centaur (Vaults:2)
  A wight (D:4)
  An iguana (D:6)
  A gnoll (D:7)
  6 foxfires
  27 fungi
  A lurking horror (Abyss:3)
  65 plants
  A starspawn tentacle (Abyss:3)
148 creatures vanquished.

Grand Total: 2771 creatures vanquished

Notes
Turn   | Place    | Note
-------+----------+-------------------------------------------
     0 | D:1      | gameguard the Demonspawn Artificer began the quest for the
                  | Orb.
     0 | D:1      | Reached XP level 1. HP: 15/15 MP: 1/1
   144 | D:1      | Reached skill level 1 in Stealth
   731 | D:1      | Gained mutation: Your flesh is heat resistant. (rF+)
                  | [demonic ancestry]
   731 | D:1      | Reached XP level 2. HP: 21/21 MP: 2/2
  1331 | D:2      | Reached skill level 1 in Dodging
  1331 | D:2      | Found a radiant altar of Vehumet.
  1602 | D:2      | Reached XP level 3. HP: 13/27 MP: 3/3
  1860 | D:2      | Reached skill level 2 in Fighting
  2019 | D:2      | Reached skill level 1 in Shields
  2304 | D:2      | Reached XP level 4. HP: 34/34 MP: 4/4
  3150 | D:3      | Found an opulent altar of Gozag.
  3156 | D:3      | Found a bloodstained altar of Trog.
  3157 | D:3      | Found a sparkling altar of Nemelex Xobeh.
  3161 | D:3      | Found a snail-covered altar of Cheibriados.
  3171 | D:3      | Became a worshipper of Gozag Ym Sagoz the Greedy
  3506 | D:3      | Found a glowing golden altar of the Shining One.
  3591 | D:3      | Gained mutation: You have a somewhat thin skeletal
                  | structure. (Dex +2, Stealth) [demonic ancestry]
  3591 | D:3      | Reached XP level 5. HP: 17/40 MP: 5/5
  4245 | D:4      | Reached skill level 3 in Fighting
  4245 | D:4      | Reached skill level 1 in Short Blades
  4403 | D:4      | Noticed Blork the orc
  4577 | D:4      | Noticed an ogre
  4679 | D:4      | Killed an ogre
  4680 | D:4      | Reached XP level 6. HP: 33/47 MP: 6/6
  4835 | D:4      | Found a glowing drain.
  4839 | Sewer    | Entered a sewer
  5095 | Sewer    | Found a glowing silver altar of Zin.
  5349 | D:4      | Reached skill level 4 in Fighting
  5556 | D:4      | Reached XP level 7. HP: 51/54 MP: 7/7
  5572 | D:4      | Killed Blork the orc
  5745 | D:5      | Entered Level 5 of the Dungeon
  6153 | D:5      | You fall into a shaft and drop 1 floor!
  6157 | D:6      | You fall into a shaft and drop 1 floor!
  6531 | D:6      | Reached skill level 5 in Evocations
  6553 | D:6      | Reached skill level 5 in Fighting
  6932 | D:5      | Found a staircase to the Ecumenical Temple.
  6944 | D:5      | Reached XP level 8. HP: 61/62 MP: 8/8
  6994 | Temple   | Entered the Ecumenical Temple
  7079 | D:5      | Found a glowing silver altar of Zin.
  8101 | D:5      | Reached skill level 6 in Fighting
  8999 | D:6      | Upgraded the game from 0.27-a0-40-g5f2be0e231 to
                  | 0.27-a0-46-g34d46f0a3f
  9008 | D:7      | Noticed Prince Ribbit
  9070 | D:7      | Reached skill level 7 in Fighting
  9797 | D:7      | You fall into a shaft and drop 1 floor!
  9797 | D:8      | Found a large runed translucent door.
  9797 | D:8      | Found a large runed translucent door.
  9797 | D:8      | Found a large runed translucent door.
  9797 | D:8      | Found a large runed translucent door.
  9818 | D:8      | Reached XP level 9. HP: 42/74 MP: 9/9
  9837 | D:8      | Reached skill level 8 in Fighting
 10060 | D:8      | Got a fine shortbow
 10075 | D:8      | Identified the +2 shortbow "Pequocon" {freeze, rElec rN+
                  | Will+ Stlth-} (You found it on level 8 of the Dungeon)
 10142 | D:8      | Reached skill level 9 in Fighting
 10623 | D:8      | You fall into a shaft and drop 1 floor!
 10817 | D:8      | Reached skill level 10 in Fighting
 10918 | D:7      | Killed Prince Ribbit
 11233 | D:7      | Noticed Duvessa
 11233 | D:7      | Noticed Dowan
 11478 | D:8      | Found a blossoming altar of Fedhas.
 11761 | D:8      | Found a broken altar of Ashenzari.
 11913 | D:8      | Reached XP level 10. HP: 73/86 MP: 10/10
 12237 | D:8      | Learned a level 1 spell: Apportation
 12427 | D:7      | Killed Dowan
 13366 | D:7      | Killed Duvessa
 14204 | D:9      | Reached skill level 11 in Fighting
 15018 | D:9      | Bought a glowing buckler for 247 gold pieces
 15331 | D:10     | Entered Level 10 of the Dungeon
 15518 | D:10     | Noticed a gargoyle
 15613 | D:10     | Noticed a death yak
 15683 | D:10     | Killed a gargoyle
 15684 | D:10     | Reached skill level 5 in Stealth
 15988 | D:10     | Reached skill level 5 in Short Blades
 16003 | D:10     | Noticed a death yak
 16178 | D:10     | Noticed a death yak
 16349 | D:10     | Killed a death yak
 16377 | D:10     | Killed a death yak
 16378 | D:10     | Killed a death yak
 16379 | D:10     | Gained mutation: You have a moderately thin skeletal
                  | structure. (Dex +4, Stealth+) [demonic ancestry]
 16379 | D:10     | Reached XP level 11. HP: 63/94 MP: 11/11
 16418 | D:10     | Found a staircase to the Lair.
 16643 | D:10     | Found Miukium's Weapon Boutique.
 16853 | D:10     | Got a brightly glowing dagger
 16854 | D:10     | Identified the +10 dagger of Exoneration {vorpal, *Noise
                  | +Inv Int+2} (You found it on level 10 of the Dungeon)
 16944 | Lair:1   | Entered Level 1 of the Lair of Beasts
 17863 | Lair:1   | Reached skill level 12 in Fighting
 18630 | Lair:2   | Noticed a death yak
 18861 | Lair:2   | Noticed a death yak
 18874 | Lair:2   | Noticed a death yak
 19542 | D:11     | You fall into a shaft and drop 3 floors!
 20079 | D:11     | Noticed a six-headed hydra
 20129 | D:11     | Noticed a green ugly thing
 20133 | D:11     | Killed a six-headed hydra
 20160 | D:11     | Noticed garrulousMonolith's ghost (journeyman HOMo)
 20643 | Lair:1   | Killed a death yak
 20814 | Lair:1   | Gained mutation: You have sharp toenails. [demonic
                  | ancestry]
 20814 | Lair:1   | Reached XP level 12. HP: 81/96 MP: 12/12
 21152 | Lair:2   | Found a staircase to the Snake Pit.
 21388 | Lair:2   | Killed a death yak
 21397 | Lair:2   | Killed a death yak
 21398 | Lair:2   | Reached skill level 10 in Evocations
 21820 | Lair:3   | Noticed a four-headed hydra
 21828 | Lair:3   | Killed a four-headed hydra
 22142 | Lair:3   | Reached skill level 5 in Dodging
 22385 | Lair:3   | Noticed a seven-headed hydra
 22390 | Lair:3   | Killed a seven-headed hydra
 22397 | Lair:3   | Reached skill level 5 in Armour
 22689 | Lair:3   | Noticed a six-headed hydra
 22831 | Lair:3   | Killed a six-headed hydra
 23046 | Lair:3   | Noticed an eight-headed hydra
 23054 | Lair:3   | Killed an eight-headed hydra
 23445 | Lair:4   | Noticed a five-headed hydra
 23454 | Lair:4   | Killed a five-headed hydra
 23547 | Lair:4   | Gained mutation: You have razor-sharp toenails. [demonic
                  | ancestry]
 23547 | Lair:4   | Reached XP level 13. HP: 98/106 MP: 13/13
 23969 | Lair:4   | Found a staircase to the Swamp.
 25777 | Lair:6   | Entered Level 6 of the Lair of Beasts
 26115 | Lair:6   | Found a dark tunnel.
 26186 | Volcano  | Entered a volcano
 26241 | Volcano  | Paralysed by an ogre mage for 3 turns
 26265 | Volcano  | Found a radiant altar of Vehumet.
 26271 | Volcano  | Reached skill level 13 in Fighting
 26297 | Volcano  | Gained mutation: You are partially covered in sharp spines.
                  | [demonic ancestry]
 26297 | Volcano  | Reached XP level 14. HP: 99/118 MP: 14/14
 26625 | D:9      | Bought steaming pearl dragon scales for 3415 gold pieces
 26635 | D:9      | Identified the +10 pearl dragon scales of Cubiatai {rN+
                  | Dex+4} (You bought it in a shop on level 9 of the Dungeon)
 26852 | Lair:6   | Found a staircase to the Slime Pits.
 26874 | Lair:5   | Reached skill level 1 in Long Blades
 28707 | D:11     | Found a staircase to the Orcish Mines.
 28939 | D:11     | Found a transporter.
 28940 | D:11     | Found a bloodstained altar of Trog.
 28947 | D:11     | Found a transporter.
 29397 | D:11     | Killed garrulousMonolith's ghost
 29885 | D:12     | Reached skill level 5 in Long Blades
 30197 | D:12     | Noticed Jorgrun
 30209 | D:12     | Killed Jorgrun
 30343 | Orc:1    | Entered Level 1 of the Orcish Mines
 30367 | Orc:1    | Noticed Erica
 30378 | Orc:1    | Killed Erica
 31245 | Orc:2    | Entered Level 2 of the Orcish Mines
 31252 | Orc:2    | Found a roughly hewn altar of Beogh.
 31775 | Orc:2    | Gained mutation: You are mostly covered in sharp spines.
                  | [demonic ancestry]
 31775 | Orc:2    | Reached XP level 15. HP: 115/125 MP: 15/15
 31932 | Orc:2    | Found a roughly hewn altar of Beogh.
 31993 | Orc:2    | Found a roughly hewn altar of Beogh.
 31995 | Orc:2    | Found Laabumm's Book Boutique.
 32028 | Orc:2    | Found a staircase to the Elven Halls.
 32303 | Orc:2    | Found a roughly hewn altar of Beogh.
 32433 | Orc:2    | Found Syfrey's General Store.
 32439 | Orc:2    | Bought a scroll of enchant weapon for 97 gold pieces
 32439 | Orc:2    | Bought a wand of iceblast (6) for 130 gold pieces
 32480 | Orc:2    | Noticed Saint Roka
 32912 | Orc:2    | Killed Saint Roka
 32913 | Orc:2    | Reached skill level 10 in Dodging
 33090 | Orc:2    | Found Fiophi's Antique Armour Boutique.
 33090 | Orc:2    | Found a roughly hewn altar of Beogh.
 33092 | Orc:2    | Found Kimes's Antique Weapon Shop.
 33126 | Orc:2    | Bought a runed cloak for 172 gold pieces
 33143 | Orc:2    | Bought a glowing cloak for 172 gold pieces
 33294 | Orc:2    | Found a roughly hewn altar of Beogh.
 33329 | Orc:2    | Found a roughly hewn altar of Beogh.
 33333 | Orc:2    | Found Cofek's Assorted Antiques.
 33338 | Orc:2    | Bought a potion of curing for 81 gold pieces
 33615 | D:13     | Reached skill level 14 in Fighting
 34888 | D:14     | Reached skill level 10 in Armour
 35244 | D:14     | Found a gate to the Vaults.
 35814 | D:14     | Identified the +10 plate armour of the Buccaneer {rC-
                  | Str+7} (You found it on level 14 of the Dungeon)
 35862 | D:15     | Entered Level 15 of the Dungeon
 35891 | D:15     | Found a runed translucent gate.
 35891 | D:15     | Found a runed translucent gate.
 35891 | D:15     | Found a runed translucent gate.
 35997 | D:15     | Noticed Xohuykh's ghost (journeyman GrEE)
 36023 | D:15     | Reached skill level 10 in Long Blades
 36145 | D:15     | Found a staircase to the Depths.
 36349 | D:15     | Found Vuch's Weapon Shoppe.
 36352 | D:15     | Found Kyadiniwu's Antique Weapon Shoppe.
 36388 | D:15     | Found a portal to a secret trove of treasure.
 37080 | D:15     | Bought a scroll of identify for 36 gold pieces
 37080 | D:15     | Identified a scroll of acquirement
 37085 | D:15     | Acquired a manual of Long Blades
 37108 | D:15     | Bought a scroll of acquirement for 936 gold pieces
 37108 | D:15     | Acquired a manual of Long Blades
 37116 | D:15     | Bought a scroll of enchant weapon for 135 gold pieces
 37306 | Snake:1  | Entered Level 1 of the Snake Pit
 37688 | Snake:1  | Noticed Nikola
 37717 | Snake:1  | Killed Nikola
 37966 | Snake:1  | Identified Roxanne's Handbook of Transmutation
 37966 | Snake:1  | Noticed Roxanne
 37981 | Snake:1  | Killed Roxanne
 37982 | Snake:1  | Reached XP level 16. HP: 124/130 MP: 14/16
 37995 | Snake:1  | Noticed Aizul
 38007 | Snake:1  | Killed Aizul
 38275 | Snake:1  | Found a runed translucent door.
 38278 | Snake:1  | Noticed sleeves's ghost (adept BaSu)
 40077 | Snake:3  | Found Yjuehodu's Assorted Antiques.
 40186 | Snake:3  | Bought a scroll of blinking for 127 gold pieces
 40186 | Snake:3  | Bought a potion of curing for 51 gold pieces
 40186 | Snake:3  | Bought a scroll of immolation for 59 gold pieces
 40186 | Snake:3  | Bought a scroll of silence for 127 gold pieces
 40416 | Snake:3  | Found Ycugoel's Antique Weapon Shop.
 40886 | Snake:3  | Found Ickaovah's Armour Emporium.
 41345 | Snake:3  | Found Zoatti Fiot's Weapon Shop.
 41603 | Snake:4  | Entered Level 4 of the Snake Pit
 41603 | Snake:4  | Noticed Mara
 41755 | Swamp:1  | Entered Level 1 of the Swamp
 41764 | Swamp:1  | Reached skill level 5 in Shields
 43552 | Swamp:2  | You fall into a shaft and drop 1 floor!
 43579 | Swamp:3  | Reached XP level 17. HP: 108/140 MP: 17/17
 45022 | Swamp:4  | Entered Level 4 of the Swamp
 45069 | Swamp:4  | Paralysed by a fenstrider witch for 6 turns
 46915 | Swamp:4  | Got a decaying rune of Zot
 47456 | D:15     | Bought a scroll of acquirement for 936 gold pieces
 47459 | D:15     | Acquired 848 gold pieces
 47481 | D:15     | Bought a pair of heavily runed boots for 256 gold pieces
 47481 | D:15     | Identified the +1 pair of boots of the Jackalope {rN++
                  | Will+ Str-4 Int+3} (You bought it in a shop on level 15 of
                  | the Dungeon)
 47771 | Snake:4  | Noticed gameguard's illusion
 47779 | Snake:4  | Noticed gameguard's illusion
 47779 | Snake:4  | Killed Mara
 48212 | Snake:4  | Reached skill level 15 in Long Blades
 48231 | Snake:4  | Reached skill level 15 in Fighting
 49452 | Snake:4  | Noticed Vashnia
 49493 | Snake:4  | Gained mutation: You are immune to clouds of flame.
                  | [demonic ancestry]
 49493 | Snake:4  | Reached XP level 18. HP: 119/149 MP: 18/18
 49543 | Snake:4  | Killed Vashnia
 51543 | Snake:4  | Got a serpentine rune of Zot
 51913 | Vaults:1 | Entered Level 1 of the Vaults
 52342 | Vaults:1 | Found Gopigiul's Distillery.
 52381 | Vaults:1 | Bought a potion of heal wounds for 65 gold pieces
 53429 | Vaults:1 | Reached skill level 10 in Shields
 53429 | Vaults:1 | Gained mutation: You are completely covered in sharp
                  | spines. [demonic ancestry]
 53429 | Vaults:1 | Reached XP level 19. HP: 145/157 MP: 19/19
 53948 | Vaults:1 | Reached skill level 16 in Fighting
 56015 | Vaults:2 | Found Lasheev's Distillery.
 56023 | Vaults:2 | Bought a potion of heal wounds for 80 gold pieces
 56023 | Vaults:2 | Bought a potion of haste for 160 gold pieces
 56023 | Vaults:2 | Bought a potion of might for 64 gold pieces
 56705 | Vaults:2 | Identified the +7 chain mail of the Bagpipe {Int+3} (You
                  | found it on level 2 of the Vaults)
 57352 | Vaults:3 | Gained mutation: You have claws for feet. [demonic
                  | ancestry]
 57352 | Vaults:3 | Reached XP level 20. HP: 154/167 MP: 20/20
 57440 | Vaults:3 | Found a staircase to the Crypt.
 57658 | Vaults:3 | Reached skill level 17 in Fighting
 58970 | Vaults:3 | Found Wyplyps's Distillery.
 58990 | Vaults:3 | Bought 2 potions of resistance for 320 gold pieces
 58990 | Vaults:3 | Bought a potion of curing for 48 gold pieces
 58990 | Vaults:3 | Bought a potion of curing for 48 gold pieces
 58990 | Vaults:3 | Bought a potion of might for 64 gold pieces
 59786 | Vaults:4 | Reached skill level 15 in Shields
 60081 | Vaults:4 | Reached skill level 18 in Fighting
 60845 | Vaults:4 | Bought an uncursed ring of willpower for 575 gold pieces
 60845 | Vaults:4 | Bought the ring "Nais" {rElec rN+} for 782 gold pieces
 61122 | Depths:1 | Entered Level 1 of the Depths
 61144 | D:15     | Gained mutation: Your demonic aura causes spilled blood to
                  | erupt in flames. [demonic ancestry]
 61144 | D:15     | Reached XP level 21. HP: 112/178 MP: 16/21
 61566 | Depths:1 | Found Gaodytu's Book Boutique.
 61572 | Depths:1 | Found Hacoyxe's Antique Weapon Shop.
 61578 | Depths:1 | Found Weygyge's Antique Weapon Boutique.
 61635 | Depths:1 | Reached skill level 19 in Fighting
 62310 | Depths:1 | Found a gateway to Hell.
 62726 | Depths:2 | Paralysed by a floating eye for 3 turns
 63132 | Depths:2 | Reached skill level 20 in Fighting
 63223 | Depths:2 | Gained mutation: Potions are less effective at restoring
                  | your health. [a cacodemon]
 63268 | Depths:2 | Lost mutation: Potions are less effective at restoring your
                  | health. [potion of mutation]
 63268 | Depths:2 | Gained mutation: You have a pair of small horns on your
                  | head. [potion of mutation]
 63268 | Depths:2 | Gained mutation: Your muscles are strong. (Str +2) [potion
                  | of mutation]
 63268 | Depths:2 | Gained mutation: Your spells are a little harder to cast,
                  | but a little more powerful. [potion of mutation]
 63400 | Depths:2 | Found Diweupla's Weapon Shop.
 63406 | Depths:2 | Found a gateway to a ziggurat.
 64070 | Depths:2 | Reached skill level 21 in Fighting
 64449 | Depths:2 | Reached XP level 22. HP: 156/194 MP: 22/22
 65375 | Depths:3 | Reached skill level 22 in Fighting
 66645 | Depths:3 | Noticed a juggernaut
 66647 | Depths:3 | Noticed a juggernaut
 66659 | Depths:3 | Killed a juggernaut
 66670 | Depths:3 | Killed a juggernaut
 66730 | Depths:3 | Got a scintillating gossamer ring
 66817 | Depths:3 | Identified the ring "Dyssuw" {Fire Str+4 Int-4 Dex+2 SInv}
                  | (You found it on level 3 of the Depths)
 66818 | Depths:3 | Noticed a juggernaut
 66833 | Depths:3 | Killed a juggernaut
 66904 | Depths:3 | Reached skill level 15 in Evocations
 67390 | Depths:3 | Found a runed translucent gate.
 67391 | Depths:3 | Found a runed translucent gate.
 67519 | Depths:3 | Reached XP level 23. HP: 142/203 MP: 23/23
 67887 | Depths:3 | Found a runed translucent gate.
 67888 | Depths:3 | Noticed Usuebad's ghost (adept DgCj)
 67889 | Depths:3 | Noticed Usuebad's ghost (adept DgCj)
 68031 | Depths:3 | Found a one-way gate leading to the halls of Pandemonium.
 68456 | Depths:3 | Killed Usuebad's ghost
 68469 | Depths:3 | Killed Usuebad's ghost
 68603 | Depths:4 | Bought an uncursed ring of see invisible for 210 gold
                  | pieces
 68603 | Depths:4 | Bought an uncursed ring of poison resistance for 280 gold
                  | pieces
 68776 | Depths:4 | Noticed a caustic shrike
 68792 | Depths:4 | Killed a caustic shrike
 69304 | Depths:4 | Identified the +8 long sword of Xeoqoa {venom, Dex+4}
 69418 | Depths:4 | Identified the ring "Levavubi" {Str-3 Dex+4 SInv Stlth+}
 69524 | Depths:4 | Identified the cursed +3 great mace of Toenan {pain, +Inv}
 69529 | Depths:4 | Identified the cursed +3 great mace of Toenan {pain, +Inv}
 69575 | Depths:4 | Reached skill level 15 in Armour
 69575 | Depths:4 | Reached skill level 15 in Dodging
 70009 | Depths:4 | Identified the amulet "Rogidu" {Acrobat rN+ Dex+3}
 70030 | Depths:4 | Cast into level 2 of the Abyss (a deep elf sorcerer)
 70089 | Abyss:3  | Found a corrupted altar of Lugonu.
 70483 | Abyss:3  | Found a corrupted altar of Lugonu.
 70679 | Depths:4 | Escaped the Abyss
 70876 | Depths:4 | Found a one-way gate to the infinite horrors of the Abyss.
 70937 | Depths:4 | Gained mutation: Your magical and physical power is
                  | slightly enhanced at high health. [demonic ancestry]
 70937 | Depths:4 | Reached XP level 24. HP: 210/210 MP: 23/23
 71290 | Depths:4 | Acquired 559 gold pieces
 71332 | Depths:5 | Entered Level 5 of the Depths
 72165 | Depths:5 | Found a glowing golden altar of the Shining One.
 72194 | Depths:5 | Found a burning altar of Makhleb.
 72407 | Depths:5 | Found a runed translucent door.
 72443 | Depths:5 | Found a runed translucent door.
 72850 | Depths:5 | Found a runed translucent door.
 72887 | Depths:5 | Found a runed translucent door.
 72937 | Depths:5 | Found a runed translucent door.
 72977 | Depths:5 | Found a runed translucent door.
 72989 | Depths:5 | Found a gate to the Realm of Zot.
 73309 | Depths:5 | Bought a +2 cloak of willpower for 258 gold pieces
 73721 | Vaults:5 | Entered Level 5 of the Vaults
 73926 | Vaults:5 | Identified the cursed +1 plate armour of the Evening {rPois
                  | rC+ rN+} (You found it on level 5 of the Vaults)
 73987 | Vaults:5 | Identified Feepty's Grimoire of Curses and the Glacier
 74099 | Vaults:5 | Noticed an ancient lich
 74132 | Vaults:5 | Killed an ancient lich
 74133 | Vaults:5 | Gained mutation: Your magical and physical power is
                  | enhanced at high health. [demonic ancestry]
 74133 | Vaults:5 | Reached XP level 25. HP: 165/219 MP: 23/23
 74364 | Vaults:5 | Identified the +5 dagger "Luumif" {venom, Will+ Str-5
                  | Dex+3}
 74462 | Vaults:5 | Reached skill level 23 in Fighting
 74752 | Vaults:5 | Identified the cursed +0 pair of gloves "Goatasuy" {rN+}
                  | (You found it on level 5 of the Vaults)
 75379 | Vaults:5 | Got a silver rune of Zot
 75658 | Vaults:5 | Identified the +0 helmet "Tudwyaha" {+Fly rC+ rN+} (You
                  | found it on level 5 of the Vaults)
 76071 | Slime:1  | Entered Level 1 of the Pits of Slime
 76863 | Slime:5  | Entered Level 5 of the Pits of Slime
 77431 | Slime:5  | Found a viscous altar of Jiyva.
 77478 | Slime:5  | Gained mutation: Your magical and physical power is greatly
                  | enhanced at high health. [demonic ancestry]
 77478 | Slime:5  | Reached XP level 26. HP: 224/229 MP: 23/23
 77663 | Slime:5  | Noticed the Royal Jelly
 77696 | Slime:5  | Killed the Royal Jelly
 77711 | Slime:5  | Got a bound lapis lazuli ring
 77893 | Slime:5  | Lost mutation: You have a pair of small horns on your head.
                  | [potion of mutation]
 77893 | Slime:5  | Lost mutation: Your spells are a little harder to cast, but
                  | a little more powerful. [potion of mutation]
 77893 | Slime:5  | Gained mutation: You passively map a small area around you.
                  | [potion of mutation]
 77893 | Slime:5  | Gained mutation: Your flesh is cold resistant. (rC+)
                  | [potion of mutation]
 77899 | Slime:5  | Identified the ring "Guabbier" {*Slow rPois rN+ Slay+2}
                  | (You found it on level 5 of the Pits of Slime)
 77924 | Slime:5  | Identified the cursed ring of Tixta {EV-4 Int+3} (You found
                  | it on level 5 of the Pits of Slime)
 77984 | Slime:5  | Got a slimy rune of Zot
 78706 | Depths:2 | Bought a +2 demon blade of draining for 741 gold pieces
 79001 | Vaults:1 | Bought a potion of invisibility for 104 gold pieces
 79001 | Vaults:1 | Bought 2 potions of cancellation for 208 gold pieces
 79001 | Vaults:1 | Bought a potion of might for 52 gold pieces
 79001 | Vaults:1 | Bought a potion of curing for 39 gold pieces
 79001 | Vaults:1 | Bought a potion of curing for 39 gold pieces
 79001 | Vaults:1 | Bought a potion of curing for 39 gold pieces
 79001 | Vaults:1 | Bought a potion of curing for 39 gold pieces
 79001 | Vaults:1 | Bought a potion of curing for 39 gold pieces
 79101 | Vaults:2 | Bought a potion of mutation for 128 gold pieces
 79101 | Vaults:2 | Bought a potion of lignification for 48 gold pieces
 79101 | Vaults:2 | Bought a potion of invisibility for 128 gold pieces
 79101 | Vaults:2 | Bought a potion of cancellation for 128 gold pieces
 79101 | Vaults:2 | Bought a potion of lignification for 48 gold pieces
 79298 | D:15     | Bought a scroll of teleportation for 81 gold pieces
 79298 | D:15     | Bought a potion of cancellation for 216 gold pieces
 79298 | D:15     | Bought a scroll of summoning for 256 gold pieces
 79528 | Crypt:1  | Entered Level 1 of the Crypt
 79628 | Crypt:1  | Noticed Bai Suzhen
 79644 | Crypt:1  | Killed Bai Suzhen
 80619 | Crypt:2  | Reached skill level 24 in Fighting
 81416 | Crypt:3  | Entered Level 3 of the Crypt
 81662 | Crypt:3  | Found a staircase to the Tomb.
 81692 | Crypt:3  | Noticed Boris
 81702 | Crypt:3  | Killed Boris
 82350 | Crypt:3  | Found a basalt altar of Yredelemnul.
 82354 | Crypt:3  | Noticed a royal mummy
 82366 | Crypt:3  | Killed a royal mummy
 82399 | Crypt:3  | Identified the ring "Lawoz" {rElec rN+ Stlth+} (You found
                  | it on level 3 of the Crypt)
 82400 | Crypt:3  | Identified the amulet of Xiuc {Regen+ Str+3 Dex-5} (You
                  | found it on level 3 of the Crypt)
 82401 | Crypt:3  | Identified the ring "Put-Me-On" {rN+ Str+7 Stlth-} (You
                  | found it on level 3 of the Crypt)
 82413 | Crypt:3  | Found an ancient bone altar of Kikubaaqudgha.
 83579 | Zot:1    | Entered Level 1 of the Realm of Zot
 83590 | Zot:1    | Noticed an orb of fire
 83607 | Zot:1    | Gained mutation: Potions are less effective at restoring
                  | your health. [an orb of fire]
 83611 | Zot:1    | Killed an orb of fire
 83626 | Zot:1    | Gained mutation: You have an unnaturally thin skeletal
                  | structure. (Dex +6, Stealth++) [demonic ancestry]
 83626 | Zot:1    | Reached XP level 27. HP: 203/240 MP: 23/23
 85461 | Zot:2    | Reached skill level 25 in Fighting
 85574 | Zot:2    | Noticed an orb of fire
 85589 | Zot:2    | Killed an orb of fire
 86428 | Zot:3    | Paralysed by a Zot trap for 5 turns
 87632 | Zot:4    | Acquired 674 gold pieces
 87978 | Zot:4    | Noticed an orb of fire
 87981 | Zot:4    | Noticed an orb of fire
 88046 | Zot:4    | Found a transporter.
 88048 | Zot:4    | Noticed an ancient lich
 88053 | Zot:4    | Found the ring of the Hare {EV+8}
 88089 | Zot:4    | Found a shimmering blue altar of Sif Muna.
 88646 | Zot:4    | Killed an orb of fire
 88646 | Zot:4    | Gained mutation: You expend magic power (3 MP) to
                  | strengthen your wands. [an orb of fire]
 88655 | Zot:4    | Killed an orb of fire
 88663 | Zot:4    | Killed an ancient lich
 88669 | Zot:4    | Reached skill level 26 in Fighting
 89132 | Zot:4    | Found a transporter.
 89199 | Zot:5    | Entered Level 5 of the Realm of Zot
 89847 | Zot:5    | Noticed an ancient lich
 89853 | Zot:5    | Noticed an orb of fire
 89859 | Zot:5    | Killed an ancient lich
 89993 | Zot:5    | Killed an orb of fire
 90167 | Zot:5    | Noticed an orb of fire
 90202 | Zot:5    | Noticed an orb of fire
 90204 | Zot:5    | Noticed an ancient lich
 90230 | Zot:5    | Killed an orb of fire
 90373 | Zot:5    | Gained mutation: You tend to lose your temper in combat.
                  | [mutagenic glow]
 90721 | Zot:5    | Lost mutation: Your flesh is cold resistant. (rC+) [potion
                  | of mutation]
 90721 | Zot:5    | Lost mutation: You tend to lose your temper in combat.
                  | [potion of mutation]
 90721 | Zot:5    | Lost mutation: You passively map a small area around you.
                  | [potion of mutation]
 90721 | Zot:5    | Lost mutation: You expend magic power (3 MP) to strengthen
                  | your wands. [potion of mutation]
 90721 | Zot:5    | Gained mutation: You possess an exceptional clarity of
                  | mind. [potion of mutation]
 90722 | Zot:5    | Lost mutation: Potions are less effective at restoring your
                  | health. [potion of mutation]
 90722 | Zot:5    | Lost mutation: You possess an exceptional clarity of mind.
                  | [potion of mutation]
 90722 | Zot:5    | Gained mutation: You are dopey. (Int -2) [potion of
                  | mutation]
 90722 | Zot:5    | Lost mutation: Your muscles are strong. (Str +2) [potion of
                  | mutation]
 90722 | Zot:5    | Gained mutation: You are agile. (Dex +2) [potion of
                  | mutation]
 90723 | Zot:5    | Lost mutation: You are dopey. (Int -2) [potion of mutation]
 90723 | Zot:5    | Lost mutation: You are agile. (Dex +2) [potion of mutation]
 90723 | Zot:5    | Gained mutation: You tend to lose your temper in combat.
                  | [potion of mutation]
 90723 | Zot:5    | Gained mutation: You are agile. (Dex +2) [potion of
                  | mutation]
 90724 | Zot:5    | Lost mutation: You are agile. (Dex +2) [potion of mutation]
 90724 | Zot:5    | Lost mutation: You tend to lose your temper in combat.
                  | [potion of mutation]
 90724 | Zot:5    | Gained mutation: Your magical capacity is low. (-10% MP)
                  | [potion of mutation]
 90724 | Zot:5    | Gained mutation: You have a beak for a mouth. [potion of
                  | mutation]
 90724 | Zot:5    | Gained mutation: Potions are less effective at restoring
                  | your health. [potion of mutation]
 90724 | Zot:5    | Gained mutation: Your skin changes colour to match your
                  | surroundings (Stealth+). [potion of mutation]
 90725 | Zot:5    | Lost mutation: Your magical capacity is low. (-10% MP)
                  | [potion of mutation]
 90725 | Zot:5    | Lost mutation: You have a beak for a mouth. [potion of
                  | mutation]
 90725 | Zot:5    | Gained mutation: Your magical capacity is low. (-10% MP)
                  | [potion of mutation]
 90725 | Zot:5    | Gained mutation: Your magical capacity is very low. (-20%
                  | MP) [potion of mutation]
 90725 | Zot:5    | Gained mutation: Your flesh is very heat resistant. (rF++)
                  | [potion of mutation]
 90727 | Zot:5    | Got the Orb of Zot
 91086 | D:12     | Noticed a seraph
 91323 | D:$      | Escaped with the Orb!

Illustrated notes

Levels and vault maps discovered:
D:1:      evilmike_arrival_crescent, layout_basic
D:2:      layout_loops_cross, vehumet_crystals
D:3:      layout_basic, minitemple, tso_altar
D:4:      layout_basic, gup_sewer_entry_spiral, uniq_blork_the_orc
D:5:      layout_basic, zin_statuary, minmay_temple_entry_glass
D:6:      layout_rooms
D:7:      layout_basic, uniq_prince_ribbit1, uniq_duvessa
D:8:      black_bear_nest_1, layout_basic, kennysheep_mini, basic_altar,
          roderic_lattice_a, minivault_11, minmay_hollow_rounded_squares
D:9:      layout_roguey
D:10:     layout_loops_ring, dpeg_lair_monsters, serial_shops, shop,
          billiards_dpeg
D:11:     layout_cross, orc_0_dummy, gammafunk_ghost_wrathful_warriors,
          minmay_fountain_box
D:12:     layout_loops_corners, hangedman_decor_clover_reticule, uniq_jorgrun
D:13:     layout_irregular_city, chequers_mini_garden, minmay_fractal_squares_5
D:14:     layout_cave_pods, ximxim_vaults_locker_room, serial_park_gazebo
          [serial_park_minivault_5x5_3]
D:15:     hangedman_depths_entry_civil_slaughter, layout_irregular_city,
          nicolae_trove_entry_free_sample, serial_shops, shop, shop,
          minivault_19, gammafunk_ghost_icy
Temple:   eino_temple_lava
Lair:1:   layout_regular_city, grunt_forest_small_clearing_treed,
          grunt_megastairs_5
Lair:2:   layout_regular_city, guppyfry_snake_entry_island,
          chequers_serial_rivers_room_b, beast_lair_carwin_1
Lair:3:   layout_loops_ring, special_room [special_room_bee],
          beast_lair_carwin_4
Lair:4:   layout_gridlike, minmay_swamp_entry_wisps, zaba_anthole,
          lemuel_old_faithful
Lair:5:   layout_small_grid, infiniplex_staircase_pool_2
Lair:6:   due_jungle_book, layout_gridlike, minmay_slime_entry_eyes,
          nicolae_volcano_entry_vermiform, infiniplex_staircase_pool
Swamp:1:  layout_basic_swamp, evilmike_swamp_ruin_house_5,
          nicolae_swamp_hydra_murder_den
Swamp:2:  layout_falls_marsh, serial_swamp_ruin, hangedman_swamp_ruin_wall,
          evilmike_swamp_ruin_house_3
Swamp:3:  layout_basic_swamp, hangedman_swamp_diagram
Swamp:4:  swamp_icy, layout_basic_swamp
Snake:1:  layout_misc_corridors, ebering_ghost_inner_flame,
          serial_bayou_shore_b, uniq_roxanne, uniq_aizul, uniq_nikola
Snake:2:  layout_grid_maze
Snake:3:  layout_chambers, serial_shops, shop, nicolae_shop_behind_doors, shop,
          shop, grunt_ministairs_12, serial_bayou_lake_a
Snake:4:  snake_pit, layout_cave_town, guppyfry_library_mini, uniq_vashnia,
          uniq_mara
Slime:1:  layout_caves
Slime:2:  layout_caves, nicolae_slime_round_cave
Slime:3:  layout_caves, uniq_dissolution
Slime:4:  layout_caves, nicolae_slime_welcoming_committee
Slime:5
Orc:1:    layout_diamond_mine, sword_in_stone, uniq_erica
Orc:2:    grunt_orc_community_town_hall, layout_diamond_mine,
          grunt_orc_community_big_house_1, grunt_orc_community_big_house_2,
          grunt_orc_community_house_1, grunt_orc_community_house_2,
          grunt_orc_community_house_2, grunt_orc_community_house_1,
          grunt_orc_community_house_2, serial_shops, nicolae_shop_crystal,
          nicolae_orc_damp_corner
Vaults:1: grunt_vaults_focal, st_octagons_2, nicolae_vaults_network_barrier,
          v_misc_23, nicolae_vaults_inception_statues, nicolae_vaults_rhombus_7,
          hangedman_vaults_maws, v_misc_28, nicolae_vaults_angled_halls,
          vaults_mumra_minichess, vaults_mumra_chevron_long,
          nicolae_vaults_little_squares_4, v_misc_12, ontoclasm_vaults_chip,
          layout_vaults_maze_snakey, serial_shops, nicolae_shop_window_shopping
Vaults:2: hangedman_vaults_snaps, vaults_room_grid, hangedman_vaults_hat,
          nicolae_vaults_puzzle_piece, ontoclasm_vaults_misaligned, v_misc_5,
          nicolae_vaults_alarming, vaults_room_fancy_cross,
          nicolae_vaults_yaktaur_gun_rack, nicolae_vaults_circle_grid_b,
          nicolae_vaults_shelves_hall, ontoclasm_vaults_decontamination,
          vaults_room_semicircle, nicolae_vaults_little_squares_4,
          layout_vaults_omnibox, serial_shops, shop
Vaults:3: nicolae_vaults_sealed_display, nicolae_vaults_network_star,
          minmay_crypt_entry_simple_plaza, nicolae_vaults_rhombus_5,
          vaults_room_boxed, hangedman_vaults_unwind, v_misc_32,
          ontoclasm_vaults_tryst, nicolae_vaults_network_periphery, st_star,
          vaults_room_semicircle, ontoclasm_vaults_loading_screen,
          vaults_room_hallway, vaults_room_door_ring, nicolae_vaults_asterisk,
          layout_vaults_big_cross, serial_shops, shop
Vaults:4: v_alt_pattern_6, ontoclasm_vaults_gateway, nicolae_vaults_big_ls,
          ontoclasm_vaults_shuriken, nicolae_vaults_network_square,
          nicolae_vaults_statue_guard, v_misc_27, v_pattern_5,
          layout_vaults_quadrants
Vaults:5: serial_shops
Crypt:1:  layout_regular_city, grunt_megastairs_3, uniq_bai_suzhen
Crypt:2:  layout_chaotic_city, lemuel_freeze_loot_1
Crypt:3:  lightli_unholy_cathedral, layout_chaotic_city, fountainhead,
          uniq_boris
Depths:1: layout_gridlike, serial_glass, glass_columns_a, glass_columns_a,
          glass_columns_a, glass_columns_a, glass_columns_c, glass_columns_a,
          pf_coc_iceberg, kilobyte_mutagenic_chamber, minmay_shop_star
Depths:2: nooodl_heptagram, layout_cave_pools, enter_ziggurat_b, serial_shops,
          shop, grunt_hell_entry_dis_mu, kennysheep_kite_vault
Depths:3: kennysheep_large_vault, layout_honeycomb, gammafunk_ghost_cemetery,
          fountainhead, pf_hell_entry_great_geh, grunt_pan_entry_spiral
Depths:4: box_level_dp, abyss_entry, hell_entry
Depths:5: evilmike_zot_entry_castle, layout_basic, hell_entry, drop_trap,
          st_stairs_7, grunt_ministairs_10, minmay_misc_feat_rows,
          nzn_life_drinkers
Zot:1:    layout_twisted_circle
Zot:2:    layout_cellular_growth, lemuel_elevator
Zot:3:    layout_misc_corridors
Zot:4:    gammafunk_sealed_library, layout_twisted_circle,
          hangedman_snap_crack_crunch
Zot:5:    layout_basic

Skill      XL: |  1  2  3  4  5  6  7  8  9 10 11 12 13 14 15 16 17 18 19 20 21 22 23 24 25 26 27 |
---------------+----------------------------------------------------------------------------------+-----
Stealth        | 1 2 3 4 5 7 8 |  8.0
Dodging        | 1 2 3 4 7 8 9 10 11 12 13 15 16 18 19 21 | 21.8
Fighting       | 2 3 4 5 7 10 11 12 13 14 15 16 18 21 22 23 24 26 | 26.6
Shields        | 1 2 3 4 5 7 10 12 15 | 15.0
Evocations     | 4 5 6 9 10 11 12 13 14 15 16 | 16.0
Short Blades   | 2 3 4 5 7 8 |  8.0
Armour         | 2 6 8 9 10 11 12 13 15 16 18 19 21 | 21.8
Long Blades    | 6 12 14 15 16 17 | 17.4

Action                   |  1- 3 |  4- 6 |  7- 9 | 10-12 | 13-15 | 16-18 | 19-21 | 22-24 | 25-27 || total
-------------------------+-------+-------+-------+-------+-------+-------+-------+-------+-------++-------
Melee: Mace              |   126 |    44 |       |       |       |       |       |       |       ||   170
       Club              |     8 |       |       |       |       |       |       |       |       ||     8
       Dagger            |       |   225 |   521 |   619 |   126 |     7 |       |       |       ||  1498
       Flail             |       |       |   153 |    34 |       |       |       |       |       ||   187
       Short sword       |       |       |       |   600 |   340 |       |       |       |       ||   940
       Kick              |       |       |       |   128 |   616 |   210 |   548 |   802 |  1098 ||  3402
       Demon blade       |       |       |       |       |   808 |  1381 |  1590 |  1279 |  1550 ||  6608
       Headbutt          |       |       |       |       |       |       |    76 |   497 |   144 ||   717
Throw: Stone             |     5 |     9 |     7 |    12 |       |       |       |       |       ||    33
       Dart              |       |       |     9 |     9 |     1 |    22 |     2 |     6 |     2 ||    51
       Boomerang         |       |       |     2 |       |       |       |       |       |       ||     2
Invok: Call Merchant     |       |       |       |     1 |     2 |     2 |     1 |     4 |       ||    10
       Bribe Branch      |       |       |       |       |       |       |       |       |     3 ||     3
 Abil: Evoke Invisibilit |       |       |       |     8 |     6 |     1 |       |       |       ||    15
       Evoke Flight      |       |       |       |       |     1 |     2 |       |       |     2 ||     5
       Stop Flying       |       |       |       |       |       |     1 |       |       |       ||     1
Evoke: Wand              |     9 |    21 |    15 |    23 |    37 |    14 |     4 |     8 |    10 ||   141
       Tin of tremorston |       |       |     2 |       |     4 |     9 |     9 |     9 |    11 ||    44
       Box of beasts     |       |       |       |     2 |     2 |     7 |     1 |     3 |       ||    15
       Condenser vane    |       |       |       |       |       |       |       |     4 |     6 ||    10
       Lightning rod     |       |       |       |       |       |       |       |     5 |     9 ||    14
       Phial of floods   |       |       |       |       |       |       |       |       |     2 ||     2
  Use: Scroll            |     3 |     8 |     3 |    11 |    25 |     8 |     7 |    11 |    24 ||   100
       Potion            |       |       |     3 |     1 |       |     4 |     1 |     2 |    15 ||    26
 Stab: Sleeping          |     1 |     9 |     6 |    26 |    29 |    17 |    24 |     7 |    41 ||   160
       Distracted        |       |       |     1 |     6 |    18 |    30 |    16 |    34 |    34 ||   139
       Paralysed         |       |       |     2 |     2 |     2 |       |       |       |       ||     6
       Invisible         |       |       |       |    27 |    23 |     1 |       |       |       ||    51
       Confused          |       |       |       |       |       |       |       |       |     1 ||     1
Armor: Leather armour    |    26 |       |       |       |       |       |       |       |       ||    26
       Ring mail         |    52 |    64 |   145 |   169 |    65 |       |       |       |       ||   495
       Pearl dragon scal |       |       |       |       |   192 |   352 |   315 |   196 |   344 ||  1399
Dodge: Dodged            |   107 |   100 |   352 |   653 |   779 |   741 |   628 |   405 |   716 ||  4481
Block: Buckler           |    18 |    66 |   139 |   361 |   395 |   295 |       |       |   784 ||  2058
       Reflection        |       |       |       |     5 |    17 |    34 |    10 |    30 |    73 ||   169
       Kite shield       |       |       |       |       |       |   211 |   845 |   821 |   100 ||  1977
       Rpst.: Demon blade |       |       |       |       |   117 |   121 |    98 |    57 |   120 ||   513

Table legend: (Time is in decaauts)
 A = Elapsed time spent in this place.
 B = Non-inter-level travel time spent in this place.
 C = Inter-level travel time spent in this place.
 D = Time resting spent in this place.
 E = Time spent auto-exploring this place.
 F = Levels seen in this place.
 G = Mean time per level.
                   A        B        C        D        E       F      G
               +--------+--------+--------+--------+--------+-----+--------+
         Total |  89175 |  81865 |   7310 |  13846 |  41819 |  60 | 1486.2 |
       Dungeon |  25036 |  22055 |   2981 |   2973 |  10773 |  15 | 1669.1 |
        Temple |      1 |      1 |      0 |      0 |      0 |   1 |    1.0 |
          Lair |  10612 |   9518 |   1094 |   1798 |   3553 |   6 | 1768.7 |
         Swamp |   5658 |   5483 |    175 |   1194 |   2798 |   4 | 1414.5 |
     Snake Pit |   7998 |   7600 |    398 |   1648 |   4253 |   4 | 1999.5 |
    Slime Pits |   2290 |   2183 |    107 |    874 |    594 |   5 |  458.0 |
  Orcish Mines |   3064 |   2922 |    142 |    643 |   1490 |   2 | 1532.0 |
        Vaults |  11356 |  10042 |   1314 |    801 |   6393 |   5 | 2271.2 |
         Crypt |   3526 |   3384 |    142 |    289 |   2283 |   3 | 1175.3 |
        Depths |  11947 |  11276 |    671 |   2264 |   6017 |   5 | 2389.4 |
           Zot |   6437 |   6154 |    283 |   1193 |   3433 |   5 | 1287.4 |
         Abyss |    607 |    607 |      0 |    145 |      0 |   3 |  202.3 |
         Sewer |    371 |    371 |      0 |      0 |    142 |   1 |  371.0 |
       Volcano |    268 |    268 |      0 |     24 |     87 |   1 |  268.0 |
               +--------+--------+--------+--------+--------+-----+--------+

Top non-repeatable levels by time:
Vaults:1: 3085 daAuts
     D:7: 3076 daAuts
Depths:3: 2827 daAuts
Depths:2: 2779 daAuts
 Snake:3: 2727 daAuts
 Snake:4: 2721 daAuts
Depths:5: 2657 daAuts
  Lair:1: 2588 daAuts
Vaults:3: 2501 daAuts
     D:8: 2211 daAuts
Vaults:2: 2170 daAuts
Depths:4: 2064 daAuts
  Lair:6: 2013 daAuts
    D:10: 1972 daAuts
    D:15: 1936 daAuts
